SKY
VIRGINIA BLACK BEARS @ MILWAUKEE BREWERS
05/09/2052
 
TOP OF THE 1ST
Virginia Black Bears batting - Pitching for Milwaukee Brewers : RHP Colton Tucker
Pitching: RHP Colton Tucker
Batting: SHB Richard Chilekwu 0-0: DOUBLE (Groundball, 3L, EV 98.1 MPH)
Batting: RHB Rodd Marshall 0-0: Fly out, F9 (Flyball, 9, EV 86.3 MPH)
Throwing error, E9
Richard Chilekwu scores
Batting: LHB Reuben Brellana 0-0: Ball
1-0: Foul Ball, location: 23FF
1-1: Ball
2-1: Ball
3-1: Base on Balls
Batting: RHB Franklin Bailey 0-0: 2-RUN HOME RUN (Flyball, 9LD, EV 91.9 MPH), Distance : 355 ft
Batting: LHB Mike Fisher 0-0: Ball
1-0: Ball
2-0: Foul Ball, location: 2F
2-1: Swinging Strike
2-2: Fly out, F9 (Flyball, 9LM, EV 84.4 MPH)
Batting: RHB José Rosendin 0-0: Called Strike
0-1: Foul Ball, location: 2F
0-2: Strikes out swinging
Top of the 1st over - 3 runs, 2 hits, 1 error, 0 left on base; Virginia 3 - Milwaukee 0
BOTTOM OF THE 1ST
Milwaukee Brewers batting - Pitching for Virginia Black Bears : RHP Dominic Coffman
Pitching: RHP Dominic Coffman
Batting: LHB Yandy Zamano 0-0: Ground out 4-3 (Groundball, 34, EV 81.3 MPH)
Batting: RHB Jason Jarman 0-0: Foul Ball, location: 2F
0-1: Called Strike
0-2: Ball
1-2: Ball
2-2: SINGLE (Line Drive, 7S, EV 98.8 MPH)
Batting: LHB Joshua Ragsdale 0-0: Called Strike
0-1: Called Strike
0-2: Ball
1-2: Strikes out swinging
Batting: LHB Samuel Vay 0-0: Called Strike
0-1: Ball
Jason Jarman steals 2nd base
1-1: Swinging Strike
1-2: Ground out 4-3 (Groundball, 4, EV 101.9 MPH)
Bottom of the 1st over - 0 runs, 1 hit, 0 errors, 1 left on base; Virginia 3 - Milwaukee 0
TOP OF THE 2ND
Virginia Black Bears batting - Pitching for Milwaukee Brewers : RHP Colton Tucker
Batting: LHB Orlando Bomexi 0-0: Fly out, F4 (Popup, 34S, EV 89.4 MPH)
Batting: RHB Steve Greco 0-0: Ball
1-0: Ground out 5-3 (Groundball, 56, EV 85.6 MPH)
Batting: RHB Celso Deida 0-0: Ball
1-0: Foul Ball, location: 7LSF
1-1: Foul Ball, location: 5F
1-2: SINGLE (Groundball, 6MD, EV 98.8 MPH)
Batting: SHB Richard Chilekwu 0-0: Ball
1-0: Fly out, F8 (Line Drive, 8LD, EV 89.4 MPH)
Top of the 2nd over - 0 runs, 1 hit, 0 errors, 1 left on base; Virginia 3 - Milwaukee 0
BOTTOM OF THE 2ND
Milwaukee Brewers batting - Pitching for Virginia Black Bears : RHP Dominic Coffman
Batting: RHB Enzo Thomas 0-0: Foul Ball, location: 25F
0-1: Called Strike
0-2: Ball
1-2: Ball
2-2: Strikes out swinging
Batting: RHB Lucas Asher 0-0: Ball
1-0: SINGLE (Groundball, 56D, EV 95.6 MPH)
Batting: SHB Rayan Díaz 0-0: Foul Ball, location: 2F
0-1: Grounds into double play, 4-6-3 (Groundball, 34, EV 87.5 MPH)
Bottom of the 2nd over - 0 runs, 1 hit, 0 errors, 0 left on base; Virginia 3 - Milwaukee 0
TOP OF THE 3RD
Virginia Black Bears batting - Pitching for Milwaukee Brewers : RHP Colton Tucker
Batting: RHB Rodd Marshall 0-0: Ball
1-0: Ball
2-0: Ball
3-0: Base on Balls
Batting: LHB Reuben Brellana 0-0: 2-RUN HOME RUN (Flyball, 9LD, EV 103.8 MPH), Distance : 388 ft
Batting: RHB Franklin Bailey 0-0: Called Strike
0-1: Foul Ball, location: 2F
0-2: Strikes out swinging
Batting: LHB Mike Fisher 0-0: Called Strike
0-1: Ball
1-1: Foul Ball, location: 7LDF
1-2: SINGLE (Line Drive, 78S, EV 97.5 MPH)
Batting: RHB José Rosendin 0-0: Ball
1-0: Ball
2-0: Ball
3-0: Fly out, F8 (Flyball, 8RXD, EV 88.1 MPH)
Batting: LHB Orlando Bomexi 0-0: Ball
1-0: Swinging Strike
1-1: Foul Ball, location: 7LMF
1-2: Fielders Choice at 2nd, 5-4 (Groundball, 56, EV 88.8 MPH)
Top of the 3rd over - 2 runs, 2 hits, 0 errors, 1 left on base; Virginia 5 - Milwaukee 0
BOTTOM OF THE 3RD
Milwaukee Brewers batting - Pitching for Virginia Black Bears : RHP Dominic Coffman
Batting: RHB Ray Matsumoto 0-0: Swinging Strike
0-1: Hit by Pitch
Batting: RHB Vince Verdugo 0-0: Called Strike
0-1: Grounds into double play, 4-6-3 (Groundball, 34, EV 79.4 MPH)
Batting: LHB Yandy Zamano 0-0: Called Strike
0-1: Foul Ball, location: 9LSFF
0-2: Ball
1-2: Strikes out swinging
Bottom of the 3rd over - 0 runs, 0 hits, 0 errors, 0 left on base; Virginia 5 - Milwaukee 0
TOP OF THE 4TH
Virginia Black Bears batting - Pitching for Milwaukee Brewers : RHP Colton Tucker
Batting: RHB Steve Greco 0-0: Called Strike
0-1: Ball
1-1: Foul Ball, location: 2F
1-2: Foul Ball, location: 2RF
1-2: Fly out, F3 (Popup, 3D, EV 59.4 MPH)
Pitching: LHP Thomas Moore
Batting: RHB Celso Deida 0-0: Ball
1-0: Called Strike
1-1: Foul Ball, location: 9LDF
1-2: Foul Ball, location: 2F
1-2: Strikes out swinging
Batting: SHB Richard Chilekwu 0-0: Swinging Strike
0-1: Ball
1-1: Called Strike
1-2: Fly out, F6 (Popup, 6MD, EV 58.8 MPH)
Top of the 4th over - 0 runs, 0 hits, 0 errors, 0 left on base; Virginia 5 - Milwaukee 0
BOTTOM OF THE 4TH
Milwaukee Brewers batting - Pitching for Virginia Black Bears : RHP Dominic Coffman
Batting: RHB Jason Jarman 0-0: Fly out, F2 (Popup, 5SF, EV 83.1 MPH)
Batting: LHB Joshua Ragsdale 0-0: Foul Ball, location: 2F
0-1: Foul Ball, location: 2F
0-2: Ball
1-2: Ball
2-2: Ball
3-2: Foul Ball, location: 2F
3-2: Foul Ball, location: 3DF
3-2: Fly out, F8 (Flyball, 8LD, EV 105.0 MPH)
Batting: LHB Samuel Vay 0-0: Fly out, F8 (Line Drive, 8RM, EV 91.9 MPH)
Bottom of the 4th over - 0 runs, 0 hits, 0 errors, 0 left on base; Virginia 5 - Milwaukee 0
TOP OF THE 5TH
Virginia Black Bears batting - Pitching for Milwaukee Brewers : LHP Thomas Moore
Batting: RHB Rodd Marshall 0-0: Swinging Strike
0-1: Swinging Strike
0-2: Ball
1-2: Strikes out swinging
Batting: LHB Reuben Brellana 0-0: Swinging Strike
0-1: Ground out 4-3 (Groundball, 4M, EV 84.4 MPH)
Batting: RHB Franklin Bailey 0-0: Foul Ball, location: 7LMF
0-1: Foul Ball, location: 9LSF
0-2: Ball
1-2: Foul Ball, location: 2F
1-2: SINGLE (Groundball, 56D, EV 106.3 MPH)
Batting: LHB Mike Fisher 0-0: Called Strike
0-1: DOUBLE (Line Drive, 89D, EV 103.1 MPH)
Franklin Bailey to third
Batting: RHB José Rosendin 0-0: Ball
1-0: Ball
2-0: Called Strike
2-1: Foul Ball, location: 2F
2-2: Strikes out looking
Top of the 5th over - 0 runs, 2 hits, 0 errors, 2 left on base; Virginia 5 - Milwaukee 0
BOTTOM OF THE 5TH
Milwaukee Brewers batting - Pitching for Virginia Black Bears : RHP Dominic Coffman
Batting: RHB Enzo Thomas 0-0: Fly out, F7 (Flyball, 7, EV 89.4 MPH)
Batting: RHB Lucas Asher 0-0: Ball
1-0: Fly out, F8 (Flyball, 8LM, EV 81.3 MPH)
Batting: SHB Rayan Díaz 0-0: SINGLE (Line Drive, 89S, EV 103.8 MPH)
Batting: RHB Ray Matsumoto 0-0: Called Strike
0-1: SINGLE (Line Drive, 4MD, EV 94.4 MPH)
Rayan Díaz to second
Batting: RHB Vince Verdugo 0-0: Foul Ball, location: 25F
0-1: Foul Ball, location: 9LSF
0-2: Ball
1-2: Strikes out swinging
Bottom of the 5th over - 0 runs, 2 hits, 0 errors, 2 left on base; Virginia 5 - Milwaukee 0
TOP OF THE 6TH
Virginia Black Bears batting - Pitching for Milwaukee Brewers : LHP Thomas Moore
Batting: LHB Orlando Bomexi 0-0: Ball
1-0: Foul Ball, location: 2F
1-1: Ball
2-1: DOUBLE (Line Drive, 7LS, EV 111.3 MPH)
Batting: RHB Steve Greco 0-0: Ball
1-0: Ball
2-0: Called Strike
2-1: Ground out 4-3 (Groundball, 4, EV 85.6 MPH)
Orlando Bomexi to third
Pitching: LHP Gerardo Hernández
Batting: RHB Celso Deida 0-0: Ball
1-0: TRIPLE (Flyball, 89XD, EV 100.0 MPH)
Orlando Bomexi scores
Batting: SHB Richard Chilekwu 0-0: Ball
1-0: Ball
2-0: Fly out, F7 (Line Drive, 78M, EV 83.1 MPH)
Runner from 3rd tags up, SCORES, no throw by LF
Batting: RHB Rodd Marshall 0-0: Ball
1-0: Foul Ball, location: 2F
1-1: Ball
2-1: Ball
3-1: Base on Balls
Batting: LHB Reuben Brellana 0-0: Foul Ball, location: 25F
0-1: Ball
1-1: SINGLE (Groundball, 6MD, EV 94.4 MPH)
Rodd Marshall to second
Runner from 2nd tries for 3rd, SAFE, throw by CF made to third
Batting: RHB Franklin Bailey 0-0: Swinging Strike
0-1: Ball
1-1: Foul Ball, location: 5F
1-2: Foul Ball, location: 7LMFF
1-2: Strikes out looking
Top of the 6th over - 2 runs, 3 hits, 0 errors, 2 left on base; Virginia 7 - Milwaukee 0
BOTTOM OF THE 6TH
Milwaukee Brewers batting - Pitching for Virginia Black Bears : RHP Dominic Coffman
Batting: LHB Yandy Zamano 0-0: Ball
1-0: SINGLE (Line Drive, 6M, EV 104.4 MPH)
Batting: RHB Jason Jarman 0-0: Called Strike
0-1: Ball
1-1: Swinging Strike
1-2: Fly out, F8 (Line Drive, 8LM, EV 88.8 MPH)
Batting: LHB Joshua Ragsdale 0-0: SINGLE (Line Drive, 78S, EV 109.4 MPH)
Yandy Zamano to second
Batting: LHB Samuel Vay 0-0: Ball
Yandy Zamano steals 3rd base
1-0: Ball
2-0: Called Strike
2-1: Called Strike
Joshua Ragsdale steals 2nd base
2-2: Foul Ball, location: 7LMF
2-2: Ball
3-2: Strikes out swinging
Batting: RHB Enzo Thomas 0-0: Fly out, F7 (Flyball, 7LSF, EV 86.9 MPH)
Bottom of the 6th over - 0 runs, 2 hits, 0 errors, 2 left on base; Virginia 7 - Milwaukee 0
TOP OF THE 7TH
Virginia Black Bears batting - Pitching for Milwaukee Brewers : LHP Gerardo Hernández
Batting: LHB Mike Fisher 0-0: Ball
1-0: Foul Ball, location: 7LMF
1-1: Swinging Strike
1-2: Ball
2-2: Ball
3-2: Foul Ball, location: 3F
3-2: Strikes out looking
Batting: RHB José Rosendin 0-0: Foul Ball, location: 2LF
0-1: Fly out, F8 (Flyball, 8RXD, EV 110.6 MPH)
Batting: LHB Orlando Bomexi 0-0: Ball
1-0: Ball
2-0: Swinging Strike
2-1: Fly out, F8 (Line Drive, 8RD, EV 90.6 MPH)
Top of the 7th over - 0 runs, 0 hits, 0 errors, 0 left on base; Virginia 7 - Milwaukee 0
BOTTOM OF THE 7TH
Milwaukee Brewers batting - Pitching for Virginia Black Bears : RHP Dominic Coffman
Batting: RHB Lucas Asher 0-0: Ball
1-0: SINGLE (Groundball, 56D, EV 103.8 MPH)
Batting: SHB Rayan Díaz 0-0: Ball
1-0: Called Strike
1-1: Called Strike
1-2: Ball
2-2: Foul Ball, location: 23F
2-2: Ball
3-2: SINGLE (Groundball, 34D, EV 101.3 MPH)
Lucas Asher to second
Runner from 2nd tries for 3rd, SAFE, no throw by RF
Batting: RHB Ray Matsumoto 0-0: Called Strike
Balk!
Lucas Asher scores
Rayan Díaz to second
0-1: Ball
1-1: Ground out 6-3 (Groundball, 6, EV 85.6 MPH)
Batting: RHB Vince Verdugo 0-0: Ground out U3 (Groundball, 3, EV 83.8 MPH)
Rayan Díaz to third
Batting: LHB Yandy Zamano 0-0: Ball
1-0: Foul Ball, location: 2F
1-1: Called Strike
1-2: Ball
2-2: Fly out, F7 (Flyball, 7D, EV 105.0 MPH)
Bottom of the 7th over - 1 run, 2 hits, 0 errors, 1 left on base; Virginia 7 - Milwaukee 1
TOP OF THE 8TH
Virginia Black Bears batting - Pitching for Milwaukee Brewers : LHP Gerardo Hernández
Batting: RHB Steve Greco 0-0: Ball
1-0: Ball
2-0: Ball
3-0: Called Strike
3-1: Foul Ball, location: 9LSF
3-2: Base on Balls
Batting: RHB Celso Deida 0-0: Ball
1-0: Fly out, F9 (Flyball, 9LS, EV 92.5 MPH)
Batting: SHB Richard Chilekwu 0-0: Ball
1-0: Called Strike
1-1: Foul Ball, location: 9LDF
1-2: Strikes out looking
Batting: RHB Rodd Marshall 0-0: Ball
1-0: SINGLE (Line Drive, 4D, EV 97.5 MPH)
Steve Greco to second
Runner from 2nd tries for 3rd, SAFE, no throw by RF
Batting: LHB Reuben Brellana 0-0: Ball
1-0: Ball
2-0: Ball
3-0: Called Strike
3-1: Base on Balls
Rodd Marshall to second
Batting: RHB Franklin Bailey 0-0: Ball
1-0: Called Strike
1-1: Ball
2-1: Ball
3-1: Base on Balls
Steve Greco scores
Rodd Marshall to third
Reuben Brellana to second
Batting: LHB Mike Fisher 0-0: Ball
1-0: Ball
2-0: Ball
3-0: Base on Balls
Rodd Marshall scores
Reuben Brellana to third
Franklin Bailey to second
Batting: RHB José Rosendin 0-0: Ball
1-0: Called Strike
1-1: Fly out, F7 (Flyball, 7LM, EV 91.9 MPH)
Top of the 8th over - 2 runs, 1 hit, 0 errors, 3 left on base; Virginia 9 - Milwaukee 1
BOTTOM OF THE 8TH
Milwaukee Brewers batting - Pitching for Virginia Black Bears : RHP Dominic Coffman
Batting: RHB Jason Jarman 0-0: DOUBLE (Line Drive, 9LM, EV 92.5 MPH)
Batting: LHB Joshua Ragsdale 0-0: Ball
1-0: Ground out 6-3 (Groundball, 6, EV 95.6 MPH)
Jason Jarman to third
Batting: LHB Samuel Vay 0-0: Fly out, F5 (Popup, 6S, EV 83.1 MPH)
Batting: RHB Enzo Thomas 0-0: Ball
1-0: Ball
2-0: Ball
3-0: Base on Balls
Batting: RHB Lucas Asher 0-0: Ball
1-0: Ball
2-0: Ball
3-0: Base on Balls
Enzo Thomas to second
Batting: SHB Rayan Díaz 0-0: SINGLE (Line Drive, 6MD, EV 95.6 MPH)
Jason Jarman scores
Enzo Thomas to third
Lucas Asher to second
Runner from 3rd tries for Home, SAFE, throw by CF to home
Batting: RHB Ray Matsumoto 0-0: Called Strike
0-1: Foul Ball, location: 7LDF
0-2: Fielders Choice at 2nd, 6-4 (Groundball, 6, EV 106.3 MPH)
Bottom of the 8th over - 2 runs, 2 hits, 0 errors, 2 left on base; Virginia 9 - Milwaukee 3
TOP OF THE 9TH
Virginia Black Bears batting - Pitching for Milwaukee Brewers : LHP Gerardo Hernández
Pitching: RHP Cooper Reilly
Batting: LHB Orlando Bomexi 0-0: Fly out, F8 (Flyball, 89D, EV 110.0 MPH)
Batting: RHB Steve Greco 0-0: Fly out, F9 (Line Drive, 9LM, EV 94.4 MPH)
Batting: RHB Celso Deida 0-0: Ball
1-0: Fly out, F5 (Popup, 25, EV 92.5 MPH)
Top of the 9th over - 0 runs, 0 hits, 0 errors, 0 left on base; Virginia 9 - Milwaukee 3
BOTTOM OF THE 9TH
Milwaukee Brewers batting - Pitching for Virginia Black Bears : RHP Dominic Coffman
Batting: RHB Vince Verdugo 0-0: Ball
1-0: Ball
2-0: Called Strike
2-1: Ball
3-1: SINGLE (Groundball, 4D, EV 101.9 MPH)
Pitching: LHP Edwin De Soto
Batting: LHB Yandy Zamano
Pinch Hitting: RHB Nick Hodge 0-0: Called Strike
0-1: Called Strike
0-2: Strikes out looking
Batting: RHB Jason Jarman 0-0: Called Strike
0-1: Ball
1-1: Foul Ball, location: 3FF
1-2: Ball
2-2: Ball
3-2: Ground out 4-3 (Groundball, 4, EV 106.3 MPH)
Vince Verdugo to second
Batting: LHB Joshua Ragsdale 0-0: Called Strike
0-1: Foul Ball, location: 2F
0-2: Ball
1-2: Ground out U3 (Groundball, 34, EV 83.8 MPH)
Bottom of the 9th over - 0 runs, 1 hit, 0 errors, 1 left on base; Virginia 9 - Milwaukee 3
Saturday, April 20th , 2024 - OOTP Baseball 24.11 Build 85